 Dungeon Crawl Stone Soup version 0.21-a0-426-g98080a9 (webtiles) character file.

25 KristoblXynda the Charmwright (level 2, 0/24 HPs)
             Began as a Draconian Skald on Nov 8, 2017.
             Slain by a goblin (3 damage)
             ... on level 1 of the Dungeon.
             The game lasted 00:00:54 (306 turns).

KristoblXynda the Charmwright (Draconian Skald)      Turns: 306, Time: 00:00:55

Health: 0/24       AC:  4    Str: 13    XL:     2   Next: 86%
Magic:  5/5        EV: 12    Int: 13    God:
Gold:   12         SH:  0    Dex: 10    Spells: 4/5 levels left

rFire    . . .     SeeInvis .   a - +0 falchion
rCold    . . .     Gourm    .   (no shield)
rNeg     . . .     Faith    .   (armour unavailable)
rPois    .         Spirit   .   (helmet restricted)
rElec    .         Reflect  .   (no cloak)
rCorr    .         Harm     .   (no gloves)
MR       .....                  (no boots)
Stlth    +.........             (no amulet)
HPRegen  0.08/turn              (no ring)
MPRegen  0.09/turn              (no ring)

@: no status effects
A: unfitting armour, cold-blooded, AC +4
a: no special abilities


You were on level 1 of the Dungeon.
You were not hungry.

You visited 1 branch of the dungeon, and saw 1 of its levels.

You collected 12 gold pieces.

Inventory:

Hand Weapons
 a - a +0 falchion (weapon)
Scrolls
 d - a scroll of identify {unknown}
 e - a scroll of random uselessness {unknown}
 f - a scroll of remove curse {unknown}
Books
 b - a book of Battle

   Spells                             Type                      Level
   a - Infusion                       Charms                       1
   b - Shroud of Golubria             Charms/Translocation         2
   c - Song of Slaying                Charms                       2
   d - Spectral Weapon                Hexes/Charms                 3
   e - Regeneration                   Charms/Necromancy            3
Comestibles
 c - a bread ration


   Skills:
 - Level 2.1 Fighting
 + Level 2.5 Long Blades
 + Level 2.6 Dodging
 - Level 2.0 Spellcasting
 + Level 3.0 Charms


You had 4 spell levels left.
You knew the following spells:

 Your Spells              Type           Power        Failure   Level  Hunger
a - Infusion              Chrm           #...         7%          1    ##.....


Dungeon Overview and Level Annotations

Branches:
Dungeon (1/15)

Altars:


Innate Abilities, Weirdness & Mutations

Your plain brown scales are hard. (AC +4)
You cannot fit into any form of body armour.
You are cold-blooded and may be slowed by cold attacks.


Message History

The goblin misses you. The kobold closely misses you.
The goblin hits you but does no damage.
You miss the goblin. The kobold hits you.
* * * LOW HITPOINT WARNING * * *
The goblin hits you but does no damage.
You hit the goblin.
The goblin is moderately wounded.
The goblin hits you.
* * * LOW HITPOINT WARNING * * *
Unknown command.
You aren't carrying any potions.
Unknown command.
You aren't carrying any potions.
Unknown command.
You aren't carrying any potions.
Okay, then.
You hit the goblin.
Your tail-slap misses the goblin.
The goblin is severely wounded.
The goblin hits you.
You die...

#.... ###.. ... (... ...#####
.#..# ... .... ....#.##...# ...
#..# #.#........# #.# #..#
####.#.#......# #.# #..#
#.............# #.# #..#
#.##.#.#......##
#########.###..###.##..s..†......
(.(>...†).......@gg.###.##.....##
#######.#.###.#####s###s####...#
#.#.###.# #..s†K.........
#.#.....#########.####..###
##.####............# ..#
###.#.##..#..##....... ..#
#..###...###....# ##### .##
#.#.#.##..#..#### ..
#†##....#....#


You could see a giant cockroach and 2 goblins.

Vanquished Creatures
  An ooze (D:1)
  A leopard gecko (D:1)
  A giant cockroach (D:1)
  3 goblins (D:1)
  2 hobgoblins (D:1)
  5 jackals (D:1)
  2 kobolds (D:1)
  A ball python (D:1)
  2 frilled lizards (D:1)
18 creatures vanquished.

Notes
Turn   | Place    | Note
-------+----------+-------------------------------------------
     0 | D:1      | KristoblXynda the Draconian Skald began the quest for the Orb.
     0 | D:1      | Reached XP level 1. HP: 17/17 MP: 3/3
    86 | D:1      | Reached XP level 2. HP: 20/24 MP: 5/5
   260 | D:1      | Reached skill level 3 in Charms
   306 | D:1      | Slain by a goblin

Vault maps used:
D:1:      dpeg_arrival_another_circle

Skill      XL: |  1  2 |
---------------+-------+-----
Charms         | 3 |  3.0
Fighting       | |  2.1
Long Blades    | |  2.5
Dodging        | |  2.6
Spellcasting   | |  2.0

Action                   || total
-------------------------++-------
Melee: Falchion          ||    48
       Tailslap          ||     4
Armor: Skin              ||    23
Dodge: Dodged            ||    36
       Rpst.: Falchion   ||    11

Table legend:
 A = Spawn XP
 B = Non-spawn XP
 C = Spawn XP percentage of total XP
 D = Spawn monster count
 E = Non-spawn monster count
 F = Spawn count percentage of total count
 G = Total turns spent on level
                    A         B        C        D         E        F      G
               +---------+---------+-------+---------+---------+-------+---------
         Total |       0 |      37 |   0.0 |       0 |      18 |   0.0 |   306
               +---------+---------+-------+---------+---------+-------+---------
           D:1 |       0 |      37 |   0.0 |       0 |      18 |   0.0 |   306
               +---------+---------+-------+---------+---------+-------+---------
